Islanders vs Blue Jackets
Created - May 6, 2022 at 20:33
Goals
|
| Islanders |
0 |
0 |
0 |
0 |
| Blue Jackets |
0 |
1 |
0 |
1 |
|
Shots
|
| Islanders |
7 |
11 |
1 |
19 |
| Blue Jackets |
10 |
9 |
8 |
27 |
|
1st period
No Goal
Penalties :
Brock McGinn (NyI) for High sticking (Minor) at 18:10
2nd period
1. Blue Jackets , Artemi Panarin 30 (Tyler Seguin 47, Bobby Ryan 30) at 9:21
Penalties :
William Karlsson (NyI) for Hooking (Minor) at 4:48, Yann Sauvé (NyI) for Holding (Minor) at 10:16, Henrik Sedin (Clb) for Delaying the game (Minor) at 13:59
3rd period
No Goal
Penalties :
Michael Latta (NyI) for Delaying the game (Minor) at 12:37, Michael Latta (NyI) for Delaying the game (Minor) at 14:54
Goalie Stats
Ryan Miller (NyI), 26 saves from 27 shots - (0.963), L, 18-24-5, 58:47 minutes
Rick DiPietro (Clb), 19 saves from 19 shots - (1.000), W, 20-18-7, 60:00 minutes
Players Stats for Islanders
Player Name G A P +/- PIM S H SB GA TA FO MP PP MP PK MP
------------------------------------------------------------------------------------
Andrew Shaw 0 0 0 0 0 1 2 1 0 1 0/0 8:40 0:00 0:00
Brock McGinn 0 0 0 0 2 3 2 0 0 0 0/0 17:19 1:09 1:19
Craig Smith 0 0 0 -1 0 0 0 0 0 0 0/0 10:46 0:00 0:00
Fedor Tyutin 0 0 0 -1 0 0 1 0 0 0 0/0 19:43 0:39 3:35
Frans Nielsen 0 0 0 0 0 1 1 0 1 1 13/18 20:36 1:09 3:06
Justin Falk 0 0 0 0 0 1 2 0 0 1 0/0 13:23 0:00 0:49
Marc-Édouard Vlasic 0 0 0 0 0 3 0 1 0 0 0/0 12:45 0:00 0:12
Melker Karlsson 0 0 0 -1 0 1 1 0 0 0 0/4 10:52 0:00 0:06
Michael Latta 0 0 0 0 4 0 0 0 0 0 3/5 8:56 0:00 0:00
Nikita Zadorov 0 0 0 -1 0 0 0 1 0 0 0/0 19:21 0:39 3:13
Pierre-Edouard Bellemare 0 0 0 0 0 2 0 1 0 0 0/0 16:30 0:00 2:48
Rick Nash 0 0 0 0 0 0 4 0 0 0 0/1 18:36 0:50 5:34
Ryan Ellis 0 0 0 0 0 1 3 5 2 1 0/0 27:54 1:20 6:30
Sergei Plotnikov 0 0 0 -1 0 1 3 0 0 0 0/0 12:52 0:50 1:14
Vladimir Tarasenko 0 0 0 0 0 3 5 0 0 0 2/11 22:46 1:09 5:43
William Karlsson 0 0 0 0 2 1 1 0 0 0 3/6 13:20 0:50 0:00
Yann Sauvé 0 0 0 0 2 1 1 2 0 0 0/0 26:54 1:20 5:31
Zac Rinaldo 0 0 0 0 0 0 2 0 0 0 0/0 8:47 0:00 0:00
Players Stats for Blue Jackets
Player Name G A P +/- PIM S H SB GA TA FO MP PP MP PK MP
------------------------------------------------------------------------------------
Artemi Panarin 1 0 1 1 0 3 1 0 0 0 2/2 21:51 5:40 0:48
Bobby Ryan 0 1 1 1 0 5 1 1 2 0 0/1 21:03 5:40 0:00
Brandon Bollig 0 0 0 0 0 2 1 0 0 0 1/1 10:03 0:00 0:57
Colton Parayko 0 0 0 0 0 1 1 3 1 1 0/0 26:42 6:15 1:05
Dennis Wideman 0 0 0 0 0 0 0 0 0 0 0/0 14:17 0:00 0:00
Devin Setoguchi 0 0 0 0 0 2 2 0 0 0 0/0 12:53 0:00 0:00
Emerson Etem 0 0 0 0 0 1 0 1 0 1 0/0 10:36 0:00 0:14
Henrik Sedin 0 0 0 0 2 2 3 0 0 0 4/8 15:17 4:15 0:00
Kevin Porter 0 0 0 0 0 0 1 0 0 0 1/2 10:04 0:00 0:49
Peter Mueller 0 0 0 0 0 1 1 0 0 0 2/8 17:27 4:15 0:23
Rickard Rakell 0 0 0 0 0 1 0 0 0 0 0/0 16:55 4:15 0:00
Rob Scuderi 0 0 0 0 0 0 1 0 0 0 0/0 14:45 0:00 0:54
Shea Theodore 0 0 0 1 0 1 0 3 0 0 0/0 18:06 3:40 0:00
Shea Weber 0 0 0 1 0 1 1 0 0 0 0/0 19:28 3:40 0:54
T.J. Oshie 0 0 0 0 0 2 0 0 0 0 1/1 11:02 0:00 0:00
Travis Hamonic 0 0 0 0 0 2 2 4 1 1 0/0 26:42 6:15 1:05
Tyler Kennedy 0 0 0 0 0 1 1 0 0 0 0/1 10:25 0:00 0:47
Tyler Seguin 0 1 1 1 0 2 6 0 0 0 13/21 20:24 5:40 0:00
3 Stars
1 - Rick DiPietro (Clb)
2 - Ryan Miller (NyI)
3 - Tyler Seguin (Clb)
Power Play
Islanders - 0 on 1 Attempt(s) - 0.00%
Blue Jackets - 0 on 5 Attempt(s) - 0.00%
Penalty Kill
Islanders - 5 on 5 Attempt(s) - 100.00%
- Score 0 goal in Penalty Kill
Blue Jackets - 1 on 1 Attempt(s) - 100.00%
- Score 0 goal in Penalty Kill
Team Stat
Islanders - Hits : 28 - Faceoff Wins : 21 - Blocked Shots : 11 - Penalty Minutes : 10
Blue Jackets - Hits : 22 - Faceoff Wins : 24 - Blocked Shots : 12 - Penalty Minutes : 2
Official
Referees : Frederick L'Ecuyer and Beaudry Halkidis
Linesman : David Brisebois and Brad Kovachik
Game Notes
No Game Note
Finance
Level 1 -- Attendance: 6000 (100.00%) -- Ticket Income $600,000
Level 2 -- Attendance: 4531 (90.62%) -- Ticket Income $271,860
Level 3 -- Attendance: 1841 (92.05%) -- Ticket Income $64,435
Level 4 -- Attendance: 3747 (93.68%) -- Ticket Income $93,675
Luxury Box -- Attendance: 901 (90.10%) -- Ticket Income $180,200
Game was played at the Nationwide arena.
Total Attendance: 17020 (94.56%)
Total Ticket Income: $1,210,170
Other Income: $181,526
Total Income: $1,391,696
Islanders
5 vs 5 Forward
Center Left Wing Right Wing Time % Phy DF OF
1 Frans Nielsen Brock McGinn Vladimir Tarasenko 40 1 2 2
2 William Karlsson Pierre-Edouard Bellemare Rick Nash 30 1 2 2
3 Melker Karlsson Sergei Plotnikov Craig Smith 20 1 2 2
4 Michael Latta Zac Rinaldo Andrew Shaw 10 1 2 2
5 vs 5 Defense
Defense Defense Time % Phy DF OF
1 Ryan Ellis Yann Sauvé 40 1 2 2
2 Fedor Tyutin Nikita Zadorov 30 1 2 2
3 Marc-Édouard Vlasic Justin Falk 20 1 2 2
4 Ryan Ellis Yann Sauvé 10 1 2 2
PowerPlay Forward
Center Left Wing Right Wing Time % Phy DF OF
1 Frans Nielsen Brock McGinn Vladimir Tarasenko 60 1 2 2
2 William Karlsson Sergei Plotnikov Rick Nash 40 1 2 2
PowerPlay Defense
Defense Defense Time % Phy DF OF
1 Ryan Ellis Yann Sauvé 60 1 2 2
2 Fedor Tyutin Nikita Zadorov 40 1 2 2
Penalty Kill 4 Players Forward
Center Wing Time % Phy DF OF
1 Vladimir Tarasenko Rick Nash 60 1 2 2
2 Frans Nielsen Pierre-Edouard Bellemare 40 1 2 2
Penalty Kill 4 Players Defense
Defense Defense Time % Phy DF OF
1 Ryan Ellis Yann Sauvé 60 1 2 2
2 Fedor Tyutin Nikita Zadorov 40 1 2 2
Penalty Kill - 3 Players Forward
Forward Time % Phy DF OF
1 Vladimir Tarasenko 60 1 2 2
2 Rick Nash 40 1 2 2
Penalty Kill - 3 Players Defense
Defense Defense Time % Phy DF OF
1 Ryan Ellis Yann Sauvé 60 1 2 2
2 Fedor Tyutin Nikita Zadorov 40 1 2 2
4 vs 4 Forward
Center Wing Time % Phy DF OF
1 Vladimir Tarasenko Rick Nash 60 1 2 2
2 Frans Nielsen Pierre-Edouard Bellemare 40 1 2 2
4 vs 4 Defense
Defense Defense Time % Phy DF OF
1 Ryan Ellis Yann Sauvé 60 1 2 2
2 Fedor Tyutin Nikita Zadorov 40 1 2 2
Last Minutes Offensive
Center Left Wing Right Wing Defense Defense
Frans Nielsen Pierre-Edouard Bellemare Vladimir Tarasenko Ryan Ellis Yann Sauvé
Last Minutes Defensive
Center Left Wing Right Wing Defense Defense
Frans Nielsen Pierre-Edouard Bellemare Vladimir Tarasenko Ryan Ellis Yann Sauvé
Goaltenders
Starting : Ryan Miller
Backup : Keith Kinkaid
Extra Forwards
Normal : Zac Rinaldo, Craig Smith, Brock McGinn - PP : Zac Rinaldo, Craig Smith - PK : Brock McGinn
Extra Defensemen
Normal : Marc-Édouard Vlasic, Justin Falk, Fedor Tyutin - PP : Marc-Édouard Vlasic - PK : Justin Falk, Fedor Tyutin
Penalty Shots
Vladimir Tarasenko, Rick Nash, Frans Nielsen, Pierre-Edouard Bellemare, Sergei Plotnikov
Scratches
Carl Klingberg (Healthy), Jiri Hudler (Healthy), Julien Ellis (Healthy)
Blue Jackets
5 vs 5 Forward
Center Left Wing Right Wing Time % Phy DF OF
1 Tyler Seguin Artemi Panarin Bobby Ryan 40 1 2 2
2 Peter Mueller Rickard Rakell Devin Setoguchi 30 1 2 2
3 Henrik Sedin Emerson Etem T.J. Oshie 20 1 2 2
4 Kevin Porter Brandon Bollig Tyler Kennedy 10 1 2 2
5 vs 5 Defense
Defense Defense Time % Phy DF OF
1 Travis Hamonic Colton Parayko 40 1 2 2
2 Shea Weber Shea Theodore 30 1 2 2
3 Dennis Wideman Rob Scuderi 20 1 2 2
4 Travis Hamonic Colton Parayko 10 1 2 2
PowerPlay Forward
Center Left Wing Right Wing Time % Phy DF OF
1 Tyler Seguin Artemi Panarin Bobby Ryan 60 1 2 2
2 Peter Mueller Henrik Sedin Rickard Rakell 40 1 2 2
PowerPlay Defense
Defense Defense Time % Phy DF OF
1 Travis Hamonic Colton Parayko 60 1 2 2
2 Shea Weber Shea Theodore 40 1 2 2
Penalty Kill 4 Players Forward
Center Wing Time % Phy DF OF
1 Henrik Sedin Brandon Bollig 60 1 2 2
2 Kevin Porter Emerson Etem 40 1 2 2
Penalty Kill 4 Players Defense
Defense Defense Time % Phy DF OF
1 Travis Hamonic Colton Parayko 60 1 2 2
2 Shea Weber Rob Scuderi 40 1 2 2
Penalty Kill - 3 Players Forward
Forward Time % Phy DF OF
1 Henrik Sedin 60 1 2 2
2 Kevin Porter 40 1 2 2
Penalty Kill - 3 Players Defense
Defense Defense Time % Phy DF OF
1 Travis Hamonic Colton Parayko 60 1 2 2
2 Shea Weber Rob Scuderi 40 1 2 2
4 vs 4 Forward
Center Wing Time % Phy DF OF
1 Tyler Seguin Artemi Panarin 60 1 2 2
2 Henrik Sedin Bobby Ryan 40 1 2 2
4 vs 4 Defense
Defense Defense Time % Phy DF OF
1 Travis Hamonic Colton Parayko 60 1 2 2
2 Shea Weber Rob Scuderi 40 1 2 2
Last Minutes Offensive
Center Left Wing Right Wing Defense Defense
Tyler Seguin Artemi Panarin Bobby Ryan Travis Hamonic Colton Parayko
Last Minutes Defensive
Center Left Wing Right Wing Defense Defense
Tyler Seguin Artemi Panarin Bobby Ryan Travis Hamonic Colton Parayko
Goaltenders
Starting : Rick DiPietro
Backup : Jonas Gustavsson
Extra Forwards
Normal : T.J. Oshie, Peter Mueller, Tyler Kennedy - PP : T.J. Oshie, Peter Mueller - PK : Tyler Kennedy
Extra Defensemen
Normal : Dennis Wideman, Shea Theodore, Shea Weber - PP : Dennis Wideman - PK : Shea Theodore, Shea Weber
Penalty Shots
Tyler Seguin, Artemi Panarin, Henrik Sedin, Bobby Ryan, Rickard Rakell
Scratches
Andreas Nodl (Healthy), Martin Havlat (Healthy), Ryan Wilson (Healthy), Zac Dalpe (Healthy)
% Time on Ice - Islanders
Lines # - Real PCT - Wanted PCT - Time Play
Normal Forward
1 - 32% - 40% - 14:56
2 - 27% - 30% - 12:46
3 - 23% - 20% - 10:46
4 - 18% - 10% - 8:40
Normal Defense
1 - 37% - 40% - 17:39
2 - 33% - 30% - 15:20
3 - 27% - 20% - 12:33
4 - 3% - 10% - 1:36
PP Forward
1 - 58% - 60% - 1:09
2 - 42% - 40% - 0:50
PP Defense
1 - 67% - 60% - 1:20
2 - 33% - 40% - 0:39
PK Forward
1 - 72% - 60% - 7:07
2 - 28% - 40% - 2:48
PK Defense
1 - 68% - 60% - 6:42
2 - 32% - 40% - 3:13
PK3 Forward
1 - 0% - 60%
2 - 0% - 40%
PK3 Defense
1 - 0% - 60%
2 - 0% - 40%
44 Forward
1 - 0% - 60%
2 - 0% - 40%
44 Defense
1 - 0% - 60%
2 - 0% - 40%
Last Minute Offensive - 0:58
Last Minute Defensive - 0:00
Total
Forward - 60:00
Defense - 60:00
|
% Time on Ice - Blue Jackets
Lines # - Real PCT - Wanted PCT - Time Play
Normal Forward
1 - 29% - 40% - 13:46
2 - 30% - 30% - 13:54
3 - 22% - 20% - 10:22
4 - 19% - 10% - 9:05
Normal Defense
1 - 37% - 40% - 17:27
2 - 31% - 30% - 14:44
3 - 29% - 20% - 13:50
4 - 2% - 10% - 1:06
PP Forward
1 - 57% - 60% - 5:40
2 - 43% - 40% - 4:15
PP Defense
1 - 63% - 60% - 6:15
2 - 37% - 40% - 3:40
PK Forward
1 - 100% - 60% - 1:59
2 - 0% - 40% - 0:00
PK Defense
1 - 55% - 60% - 1:05
2 - 45% - 40% - 0:54
PK3 Forward
1 - 0% - 60%
2 - 0% - 40%
PK3 Defense
1 - 0% - 60%
2 - 0% - 40%
44 Forward
1 - 0% - 60%
2 - 0% - 40%
44 Defense
1 - 0% - 60%
2 - 0% - 40%
Last Minute Offensive - 0:00
Last Minute Defensive - 0:59
Total
Forward - 60:00
Defense - 60:00
|
Play-by-Play
1st period
0:01 of 1st period - Frans Nielsen wins face-off versus Tyler Seguin in neutral zone.
0:04 of 1st period - Tyler Seguin is hit by Vladimir Tarasenko and loses puck.
0:25 of 1st period - Pierre-Edouard Bellemare is hit by Devin Setoguchi and loses puck.
0:58 of 1st period - Off-side.
0:59 of 1st period - Michael Latta wins face-off versus Kevin Porter in neutral zone.
1:02 of 1st period - Wrist shot by Marc-Édouard Vlasic.
1:02 of 1st period - Shot Blocked by Shea Theodore.
1:33 of 1st period - Snap shot by Brock McGinn.
1:33 of 1st period - Stopped by Rick DiPietro with a rebound.
1:35 of 1st period - Wrist shot by Frans Nielsen.
1:35 of 1st period - Stopped by Rick DiPietro with a rebound.
1:55 of 1st period - Slapshot by Rick Nash.
1:55 of 1st period - Shot Blocked by Shea Theodore.
1:57 of 1st period - Wrist shot by Pierre-Edouard Bellemare.
1:57 of 1st period - Stopped by Rick DiPietro with a rebound.
2:11 of 1st period - Icing by T.J. Oshie.
2:12 of 1st period - Henrik Sedin wins face-off versus Melker Karlsson in Blue Jackets zone.
2:53 of 1st period - Snap shot by Ryan Ellis.
2:53 of 1st period - Shot Misses the Net.
2:55 of 1st period - Snap shot by Sergei Plotnikov.
2:55 of 1st period - Stopped by Rick DiPietro without a rebound.
2:56 of 1st period - Tyler Seguin wins face-off versus Frans Nielsen in Blue Jackets zone.
4:07 of 1st period - Off-side.
4:08 of 1st period - Artemi Panarin wins face-off versus Frans Nielsen in neutral zone.
4:37 of 1st period - Rob Scuderi is hit by Sergei Plotnikov and loses puck.
4:56 of 1st period - Wrist shot by William Karlsson.
4:56 of 1st period - Stopped by Rick DiPietro with a rebound.
5:16 of 1st period - Brandon Bollig is hit by Ryan Ellis and loses puck.
5:44 of 1st period - Slapshot by Tyler Seguin.
5:44 of 1st period - Shot Hit the Post.
5:46 of 1st period - Wrist shot by Bobby Ryan.
5:46 of 1st period - Shot Misses the Net.
6:22 of 1st period - Wrist shot by William Karlsson.
6:22 of 1st period - Shot Misses the Net.
6:24 of 1st period - Wrist shot by Pierre-Edouard Bellemare.
6:24 of 1st period - Shot Misses the Net.
6:26 of 1st period - Snap shot by Rick Nash.
6:26 of 1st period - Shot Misses the Net.
6:28 of 1st period - Snap shot by Pierre-Edouard Bellemare.
6:28 of 1st period - Stopped by Rick DiPietro with a rebound.
6:30 of 1st period - Snap shot by Rick Nash.
6:30 of 1st period - Shot Blocked by Travis Hamonic.
6:46 of 1st period - Icing by Artemi Panarin.
6:47 of 1st period - Tyler Seguin wins face-off versus Frans Nielsen in Blue Jackets zone.
7:21 of 1st period - Icing by Travis Hamonic.
7:22 of 1st period - Frans Nielsen wins face-off versus Peter Mueller in Blue Jackets zone.
7:27 of 1st period - Slapshot by Frans Nielsen.
7:27 of 1st period - Shot Blocked by Travis Hamonic.
7:41 of 1st period - Snap shot by Rickard Rakell.
7:41 of 1st period - Stopped by Ryan Miller without a rebound.
7:42 of 1st period - Tyler Seguin wins face-off versus William Karlsson in Islanders zone.
7:47 of 1st period - Wrist shot by Tyler Seguin.
7:47 of 1st period - Deflect By Artemi Panarin.
7:47 of 1st period - Stopped by Ryan Miller without a rebound.
7:48 of 1st period - William Karlsson wins face-off versus Tyler Seguin in Islanders zone.
8:36 of 1st period - Slapshot by Bobby Ryan.
8:36 of 1st period - Stopped by Ryan Miller with a rebound.
8:38 of 1st period - Slapshot by Shea Theodore.
8:38 of 1st period - Stopped by Ryan Miller with a rebound.
8:46 of 1st period - Snap shot by Bobby Ryan.
8:46 of 1st period - Stopped by Ryan Miller with a rebound.
8:48 of 1st period - Backhand shot by Artemi Panarin.
8:48 of 1st period - Shot Blocked by Yann Sauvé.
8:50 of 1st period - Slapshot by Shea Theodore.
8:50 of 1st period - Deflect By Artemi Panarin.
8:50 of 1st period - Shot Misses the Net.
8:50 of 1st period - Puck is out of play.
8:51 of 1st period - Frans Nielsen wins face-off versus Peter Mueller in Islanders zone.
8:51 of 1st period - Frans Nielsen is hit by Colton Parayko.
8:57 of 1st period - Travis Hamonic is hit by Vladimir Tarasenko and loses puck.
9:04 of 1st period - Wrist shot by Colton Parayko.
9:04 of 1st period - Shot Blocked by Nikita Zadorov.
9:06 of 1st period - Snap shot by Rickard Rakell.
9:06 of 1st period - Shot Misses the Net.
9:16 of 1st period - Travis Hamonic is hit by Sergei Plotnikov and loses puck.
9:56 of 1st period - Brock McGinn is hit by Devin Setoguchi and loses puck.
10:11 of 1st period - Slapshot by Colton Parayko.
10:11 of 1st period - Stopped by Ryan Miller without a rebound.
10:12 of 1st period - T.J. Oshie wins face-off versus Melker Karlsson in Islanders zone.
10:27 of 1st period - Slapshot by Emerson Etem.
10:27 of 1st period - Stopped by Ryan Miller with a rebound.
10:58 of 1st period - Snap shot by Peter Mueller.
10:58 of 1st period - Shot Misses the Net.
11:20 of 1st period - Michael Latta is hit by Tyler Kennedy and loses puck.
12:04 of 1st period - Vladimir Tarasenko is hit by Bobby Ryan.
12:23 of 1st period - Slapshot by Devin Setoguchi.
12:23 of 1st period - Stopped by Ryan Miller with a rebound.
12:48 of 1st period - Yann Sauvé is hit by Brandon Bollig and loses puck.
13:28 of 1st period - Ryan Ellis is hit by Tyler Seguin.
13:30 of 1st period - Wrist shot by Michael Latta.
13:30 of 1st period - Shot Blocked by Bobby Ryan.
13:54 of 1st period - Slapshot by Rickard Rakell.
13:54 of 1st period - Shot Blocked by Pierre-Edouard Bellemare.
14:10 of 1st period - Justin Falk is hit by Kevin Porter and loses puck.
14:34 of 1st period - Nikita Zadorov is hit by Tyler Seguin and loses puck.
15:12 of 1st period - Pierre-Edouard Bellemare is hit by Tyler Seguin and loses puck.
15:19 of 1st period - Artemi Panarin is hit by William Karlsson and loses puck.
15:32 of 1st period - Slapshot by Artemi Panarin.
15:32 of 1st period - Stopped by Ryan Miller with a rebound.
15:38 of 1st period - Rob Scuderi is hit by Sergei Plotnikov and loses puck.
15:55 of 1st period - Rickard Rakell is hit by Brock McGinn and loses puck.
16:14 of 1st period - Emerson Etem is hit by Zac Rinaldo.
17:23 of 1st period - Frans Nielsen is hit by Travis Hamonic and loses puck.
17:48 of 1st period - Snap shot by Andrew Shaw.
17:48 of 1st period - Stopped by Rick DiPietro without a rebound.
17:49 of 1st period - Frans Nielsen wins face-off versus Peter Mueller in Blue Jackets zone.
18:10 of 1st period - Minor Penalty to Brock McGinn for High sticking.
18:11 of 1st period - Tyler Seguin wins face-off versus Vladimir Tarasenko in Islanders zone.
18:18 of 1st period - Wrist shot by Tyler Seguin.
18:18 of 1st period - Stopped by Ryan Miller with a rebound.
18:20 of 1st period - Slapshot by Colton Parayko.
18:20 of 1st period - Shot Blocked by Ryan Ellis.
19:36 of 1st period - Pierre-Edouard Bellemare is hit by Travis Hamonic and loses puck.
19:49 of 1st period - Colton Parayko is hit by Ryan Ellis and loses puck.
Goals for this period are 0 for Islanders vs 0 for Blue Jackets.
Shots for this period are 7 for Islanders vs 10 for Blue Jackets.
2nd period
0:01 of 2nd period - Tyler Seguin wins face-off versus Vladimir Tarasenko in neutral zone.
0:10 of 2nd period - Penalty to Brock McGinn is over, Brock McGinn is back on ice.
0:27 of 2nd period - Devin Setoguchi is hit by Vladimir Tarasenko and loses puck.
0:36 of 2nd period - Slapshot by Vladimir Tarasenko.
0:36 of 2nd period - Shot Misses the Net.
0:56 of 2nd period - Henrik Sedin is hit by Rick Nash and loses puck.
1:09 of 2nd period - Wrist shot by Bobby Ryan.
1:09 of 2nd period - Stopped by Ryan Miller with a rebound.
2:11 of 2nd period - Icing by Andrew Shaw.
2:12 of 2nd period - Michael Latta wins face-off versus Henrik Sedin in Islanders zone.
2:35 of 2nd period - Off-side.
2:36 of 2nd period - Tyler Seguin wins face-off versus Vladimir Tarasenko in neutral zone.
2:45 of 2nd period - Snap shot by Artemi Panarin.
2:45 of 2nd period - Shot Blocked by Marc-Édouard Vlasic.
2:47 of 2nd period - Slapshot by Bobby Ryan.
2:47 of 2nd period - Stopped by Ryan Miller with a rebound.
2:49 of 2nd period - Snap shot by Artemi Panarin.
2:49 of 2nd period - Shot Misses the Net.
2:51 of 2nd period - Slapshot by Shea Weber.
2:51 of 2nd period - Shot Misses the Net.
3:08 of 2nd period - Rickard Rakell is hit by Rick Nash and loses puck.
3:47 of 2nd period - Brandon Bollig is hit by Andrew Shaw and loses puck.
3:55 of 2nd period - Colton Parayko is hit by Yann Sauvé and loses puck.
4:08 of 2nd period - Bobby Ryan is hit by Brock McGinn and loses puck.
4:48 of 2nd period - Minor Penalty to William Karlsson for Hooking.
4:49 of 2nd period - Artemi Panarin wins face-off versus Vladimir Tarasenko in Islanders zone.
4:56 of 2nd period - Snap shot by Artemi Panarin.
4:56 of 2nd period - Shot Blocked by Ryan Ellis.
4:58 of 2nd period - Slapshot by Travis Hamonic.
4:58 of 2nd period - Stopped by Ryan Miller without a rebound.
4:59 of 2nd period - Tyler Seguin wins face-off versus Vladimir Tarasenko in Islanders zone.
5:16 of 2nd period - Slapshot by Artemi Panarin.
5:16 of 2nd period - Deflect By Bobby Ryan.
5:16 of 2nd period - Shot Blocked by Ryan Ellis.
5:16 of 2nd period - Puck is out of play.
5:17 of 2nd period - Vladimir Tarasenko wins face-off versus Henrik Sedin in Islanders zone.
5:17 of 2nd period - Vladimir Tarasenko is hit by Henrik Sedin.
5:29 of 2nd period - Wrist shot by Peter Mueller.
5:29 of 2nd period - Shot Misses the Net.
5:31 of 2nd period - Slapshot by Travis Hamonic.
5:31 of 2nd period - Stopped by Ryan Miller with a rebound.
5:33 of 2nd period - Slapshot by Henrik Sedin.
5:33 of 2nd period - Shot Blocked by Ryan Ellis.
6:17 of 2nd period - Slapshot by Ryan Ellis.
6:17 of 2nd period - Shot Blocked by Shea Theodore.
6:48 of 2nd period - Penalty to William Karlsson is over, William Karlsson is back on ice.
7:08 of 2nd period - Off-side.
7:09 of 2nd period - Brandon Bollig wins face-off versus Melker Karlsson in neutral zone.
7:36 of 2nd period - Snap shot by Peter Mueller.
7:36 of 2nd period - Stopped by Ryan Miller with a rebound.
7:44 of 2nd period - Slapshot by Marc-Édouard Vlasic.
7:44 of 2nd period - Stopped by Rick DiPietro without a rebound.
7:45 of 2nd period - Frans Nielsen wins face-off versus Peter Mueller in Blue Jackets zone.
7:56 of 2nd period - Wrist shot by Vladimir Tarasenko.
7:56 of 2nd period - Stopped by Rick DiPietro without a rebound.
7:57 of 2nd period - Frans Nielsen wins face-off versus Tyler Seguin in Blue Jackets zone.
8:09 of 2nd period - Slapshot by Vladimir Tarasenko.
8:09 of 2nd period - Stopped by Rick DiPietro without a rebound.
8:10 of 2nd period - Frans Nielsen wins face-off versus Tyler Seguin in Blue Jackets zone.
8:11 of 2nd period - Wrist shot by Vladimir Tarasenko.
8:11 of 2nd period - Stopped by Rick DiPietro without a rebound.
8:12 of 2nd period - Tyler Seguin wins face-off versus Frans Nielsen in Blue Jackets zone.
9:03 of 2nd period - Snap shot by T.J. Oshie.
9:03 of 2nd period - Stopped by Ryan Miller without a rebound.
9:04 of 2nd period - Tyler Seguin wins face-off versus Melker Karlsson in Islanders zone.
9:19 of 2nd period - Slapshot by Artemi Panarin.
9:19 of 2nd period - Shot Misses the Net.
9:21 of 2nd period - Wrist shot by Artemi Panarin.
9:21 of 2nd period - Goal by Artemi Panarin - Islanders : 0 - Blue Jackets : 1.
9:22 of 2nd period - Frans Nielsen wins face-off versus Tyler Seguin in neutral zone.
9:49 of 2nd period - Colton Parayko is hit by Melker Karlsson and loses puck.
10:16 of 2nd period - Minor Penalty to Yann Sauvé for Holding.
10:17 of 2nd period - Tyler Seguin wins face-off versus Vladimir Tarasenko in Islanders zone.
10:19 of 2nd period - Snap shot by Bobby Ryan.
10:19 of 2nd period - Stopped by Ryan Miller without a rebound.
10:20 of 2nd period - Tyler Seguin wins face-off versus Vladimir Tarasenko in Islanders zone.
11:18 of 2nd period - Artemi Panarin is hit by Vladimir Tarasenko.
12:16 of 2nd period - Penalty to Yann Sauvé is over, Yann Sauvé is back on ice.
12:52 of 2nd period - Dennis Wideman is hit by Zac Rinaldo.
13:48 of 2nd period - Snap shot by Marc-Édouard Vlasic.
13:48 of 2nd period - Stopped by Rick DiPietro with a rebound.
13:50 of 2nd period - Slapshot by Justin Falk.
13:50 of 2nd period - Stopped by Rick DiPietro with a rebound.
13:52 of 2nd period - Slapshot by Marc-Édouard Vlasic.
13:52 of 2nd period - Deflect By Shea Theodore.
13:52 of 2nd period - Stopped by Rick DiPietro without a rebound.
13:53 of 2nd period - Frans Nielsen wins face-off versus Henrik Sedin in Blue Jackets zone.
13:59 of 2nd period - Minor Penalty to Henrik Sedin for Delaying the game.
14:00 of 2nd period - Frans Nielsen wins face-off versus Tyler Kennedy in Blue Jackets zone.
14:04 of 2nd period - Snap shot by Brock McGinn.
14:04 of 2nd period - Shot Blocked by Colton Parayko.
14:06 of 2nd period - Slapshot by Yann Sauvé.
14:06 of 2nd period - Deflect By Brock McGinn.
14:06 of 2nd period - Stopped by Rick DiPietro with a rebound.
14:08 of 2nd period - Wrist shot by Vladimir Tarasenko.
14:08 of 2nd period - Shot Blocked by Travis Hamonic.
14:10 of 2nd period - Slapshot by Ryan Ellis.
14:10 of 2nd period - Stopped by Rick DiPietro with a rebound.
14:12 of 2nd period - Snap shot by Vladimir Tarasenko.
14:12 of 2nd period - Shot Blocked by Travis Hamonic.
14:14 of 2nd period - Slapshot by Ryan Ellis.
14:14 of 2nd period - Shot Misses the Net.
14:16 of 2nd period - Snap shot by Brock McGinn.
14:16 of 2nd period - Shot Misses the Net.
15:49 of 2nd period - Peter Mueller is hit by Frans Nielsen and loses puck.
15:59 of 2nd period - Penalty to Henrik Sedin is over, Henrik Sedin is back on ice.
16:06 of 2nd period - Zac Rinaldo is hit by Shea Weber and loses puck.
16:11 of 2nd period - Slapshot by T.J. Oshie.
16:11 of 2nd period - Stopped by Ryan Miller with a rebound.
16:21 of 2nd period - Zac Rinaldo is hit by Rob Scuderi and loses puck.
16:33 of 2nd period - Icing by Michael Latta.
16:34 of 2nd period - Michael Latta wins face-off versus Peter Mueller in Islanders zone.
16:39 of 2nd period - Colton Parayko is hit by Justin Falk.
17:01 of 2nd period - Wrist shot by Rick Nash.
17:01 of 2nd period - Shot Misses the Net.
17:19 of 2nd period - Brock McGinn is hit by Tyler Seguin and loses puck.
18:45 of 2nd period - Snap shot by Artemi Panarin.
18:45 of 2nd period - Shot Misses the Net.
18:55 of 2nd period - Vladimir Tarasenko is hit by Artemi Panarin and loses puck.
19:27 of 2nd period - Slapshot by Yann Sauvé.
19:27 of 2nd period - Shot Misses the Net.
19:29 of 2nd period - Wrist shot by Frans Nielsen.
19:29 of 2nd period - Shot Hit the Post.
19:31 of 2nd period - Snap shot by Frans Nielsen.
19:31 of 2nd period - Shot Misses the Net.
19:33 of 2nd period - Snap shot by Frans Nielsen.
19:33 of 2nd period - Shot Misses the Net.
19:37 of 2nd period - Snap shot by Brock McGinn.
19:37 of 2nd period - Stopped by Rick DiPietro with a rebound.
19:39 of 2nd period - Snap shot by Frans Nielsen.
19:39 of 2nd period - Shot Misses the Net.
19:53 of 2nd period - Snap shot by Frans Nielsen.
19:53 of 2nd period - Shot Blocked by Colton Parayko.
19:55 of 2nd period - Slapshot by Yann Sauvé.
19:55 of 2nd period - Shot Misses the Net.
19:57 of 2nd period - Slapshot by Yann Sauvé.
19:57 of 2nd period - Stopped by Rick DiPietro without a rebound.
19:58 of 2nd period - Tyler Seguin wins face-off versus William Karlsson in Blue Jackets zone.
Goals for this period are 0 for Islanders vs 1 for Blue Jackets.
Shots for this period are 11 for Islanders vs 9 for Blue Jackets.
3rd period
0:01 of 3rd period - Frans Nielsen wins face-off versus Bobby Ryan in neutral zone.
0:48 of 3rd period - Colton Parayko is hit by Fedor Tyutin and loses puck.
1:06 of 3rd period - Slapshot by Brandon Bollig.
1:06 of 3rd period - Stopped by Ryan Miller with a rebound.
1:16 of 3rd period - Snap shot by Brandon Bollig.
1:16 of 3rd period - Shot Misses the Net.
1:44 of 3rd period - Icing by Shea Weber.
1:45 of 3rd period - Tyler Seguin wins face-off versus Rick Nash in Blue Jackets zone.
2:38 of 3rd period - Wrist shot by Brandon Bollig.
2:38 of 3rd period - Shot Misses the Net.
2:53 of 3rd period - Icing by Henrik Sedin.
2:54 of 3rd period - Henrik Sedin wins face-off versus Michael Latta in Blue Jackets zone.
2:58 of 3rd period - Icing by Rob Scuderi.
2:59 of 3rd period - Henrik Sedin wins face-off versus Frans Nielsen in Blue Jackets zone.
3:24 of 3rd period - Backhand shot by T.J. Oshie.
3:24 of 3rd period - Shot Misses the Net.
3:48 of 3rd period - Snap shot by Henrik Sedin.
3:48 of 3rd period - Stopped by Ryan Miller without a rebound.
3:49 of 3rd period - William Karlsson wins face-off versus Tyler Seguin in Islanders zone.
4:29 of 3rd period - Wrist shot by Devin Setoguchi.
4:29 of 3rd period - Stopped by Ryan Miller with a rebound.
4:39 of 3rd period - Snap shot by Tyler Kennedy.
4:39 of 3rd period - Shot Misses the Net.
4:41 of 3rd period - Wrist shot by Brandon Bollig.
4:41 of 3rd period - Shot Misses the Net.
4:43 of 3rd period - Snap shot by Brandon Bollig.
4:43 of 3rd period - Stopped by Ryan Miller without a rebound.
4:44 of 3rd period - Kevin Porter wins face-off versus Michael Latta in Islanders zone.
4:47 of 3rd period - Snap shot by Tyler Kennedy.
4:47 of 3rd period - Shot Blocked by Andrew Shaw.
5:09 of 3rd period - Vladimir Tarasenko is hit by Tyler Seguin and loses puck.
5:20 of 3rd period - Brock McGinn is hit by Tyler Seguin and loses puck.
5:57 of 3rd period - Sergei Plotnikov is hit by Henrik Sedin and loses puck.
6:37 of 3rd period - Rickard Rakell is hit by Ryan Ellis.
7:45 of 3rd period - Rob Scuderi is hit by Vladimir Tarasenko and loses puck.
8:03 of 3rd period - Tyler Seguin is hit by Andrew Shaw and loses puck.
8:25 of 3rd period - Off-side.
8:26 of 3rd period - Peter Mueller wins face-off versus Vladimir Tarasenko in neutral zone.
8:51 of 3rd period - Shea Weber is hit by Justin Falk and loses puck.
9:00 of 3rd period - Slapshot by William Karlsson.
9:00 of 3rd period - Shot Blocked by Colton Parayko.
9:02 of 3rd period - Slapshot by Marc-Édouard Vlasic.
9:02 of 3rd period - Shot Misses the Net.
9:14 of 3rd period - Wrist shot by Henrik Sedin.
9:14 of 3rd period - Stopped by Ryan Miller with a rebound.
9:53 of 3rd period - Michael Latta is hit by Peter Mueller and loses puck.
10:25 of 3rd period - Wrist shot by Tyler Seguin.
10:25 of 3rd period - Deflect By William Karlsson.
10:25 of 3rd period - Stopped by Ryan Miller with a rebound.
10:37 of 3rd period - Craig Smith is hit by Henrik Sedin and loses puck.
10:42 of 3rd period - Wrist shot by Henrik Sedin.
10:42 of 3rd period - Shot Misses the Net.
11:03 of 3rd period - Wrist shot by Tyler Kennedy.
11:03 of 3rd period - Stopped by Ryan Miller with a rebound.
11:05 of 3rd period - Slapshot by Shea Weber.
11:05 of 3rd period - Stopped by Ryan Miller with a rebound.
11:07 of 3rd period - Wrist shot by Tyler Kennedy.
11:07 of 3rd period - Shot Misses the Net.
12:12 of 3rd period - Slapshot by Sergei Plotnikov.
12:12 of 3rd period - Shot Blocked by Emerson Etem.
12:14 of 3rd period - Slapshot by Melker Karlsson.
12:14 of 3rd period - Stopped by Rick DiPietro with a rebound.
12:16 of 3rd period - Slapshot by Craig Smith.
12:16 of 3rd period - Shot Misses the Net.
12:28 of 3rd period - Slapshot by Tyler Kennedy.
12:28 of 3rd period - Shot Misses the Net.
12:37 of 3rd period - Minor Penalty to Michael Latta for Delaying the game.
12:38 of 3rd period - Vladimir Tarasenko wins face-off versus Tyler Seguin in Islanders zone.
12:48 of 3rd period - Slapshot by Colton Parayko.
12:48 of 3rd period - Shot Blocked by Ryan Ellis.
14:37 of 3rd period - Penalty to Michael Latta is over, Michael Latta is back on ice.
14:54 of 3rd period - Minor Penalty to Michael Latta for Delaying the game.
14:55 of 3rd period - Peter Mueller wins face-off versus Vladimir Tarasenko in Islanders zone.
15:07 of 3rd period - Wrist shot by Shea Theodore.
15:07 of 3rd period - Shot Blocked by Yann Sauvé.
15:56 of 3rd period - Icing by Travis Hamonic.
15:57 of 3rd period - Frans Nielsen wins face-off versus Peter Mueller in Blue Jackets zone.
15:58 of 3rd period - Snap shot by Ryan Ellis.
15:58 of 3rd period - Shot Misses the Net.
16:19 of 3rd period - Shea Theodore is hit by Rick Nash and loses puck.
16:54 of 3rd period - Penalty to Michael Latta is over, Michael Latta is back on ice.
17:00 of 3rd period - Snap shot by Michael Latta.
17:00 of 3rd period - Shot Misses the Net.
18:43 of 3rd period - Off-side.
18:44 of 3rd period - William Karlsson wins face-off versus Henrik Sedin in neutral zone.
18:47 of 3rd period - Islanders, Ryan Miller is pulled from the net.
18:47 of 3rd period - Wrist shot by William Karlsson.
18:47 of 3rd period - Shot Misses the Net.
18:50 of 3rd period - Icing by Shea Weber.
18:51 of 3rd period - Henrik Sedin wins face-off versus William Karlsson in Blue Jackets zone.
18:51 of 3rd period - Henrik Sedin is hit by Rick Nash.
19:10 of 3rd period - Off-side.
19:11 of 3rd period - Jacques Martin call a timeout for Islanders.
19:11 of 3rd period - Frans Nielsen wins face-off versus Tyler Seguin in neutral zone.
19:26 of 3rd period - Slapshot by Vladimir Tarasenko.
19:26 of 3rd period - Shot Misses the Net.
Goals for this period are 0 for Islanders vs 0 for Blue Jackets.
Shots for this period are 1 for Islanders vs 8 for Blue Jackets.
Output by the SimonT Hockey Simulator (STHS) for Francois Prevost